AA CENTRAL
WICHITA WIND SURGE @ AMARILLO SOD POODLES
05/07/2042
 
TOP OF THE 1ST
Wichita Wind Surge batting - Pitching for Amarillo Sod Poodles : RHP Jimmy Harris
Pitching: RHP Jimmy Harris
Batting: RHB Mario Martínez 0-0: Called Strike
0-1: Fly out, F8 (Flyball, 8RD, EV 87.5 MPH)
Batting: RHB Valdinei Felgueiras 0-0: Called Strike
0-1: Foul Ball, location: 3SF
0-2: Fly out, F4 (Popup, 23, EV 88.8 MPH)
Batting: RHB Héctor Rodríguez 0-0: Called Strike
0-1: Ball
1-1: Ball
2-1: Ball
3-1: Base on Balls
Batting: RHB Bernie Davis 0-0: Ball
1-0: Ground out 5-3 (Groundball, 56S, EV 78.1 MPH)
Top of the 1st over - 0 runs, 0 hits, 0 errors, 1 left on base; Wichita 0 - Amarillo 0
BOTTOM OF THE 1ST
Amarillo Sod Poodles batting - Pitching for Wichita Wind Surge : RHP Jonathan Holland
Pitching: RHP Jonathan Holland
Batting: RHB José Rosário 0-0: Called Strike
0-1: Ball
1-1: Ball
2-1: Ground out U3 (Groundball, 34, EV 96.3 MPH)
Batting: LHB Clint Moore 0-0: Ball
1-0: Ball
2-0: Ball
3-0: Base on Balls
Batting: RHB José Gutiérrez 0-0: Foul Ball, location: 2F
0-1: Ball
1-1: Fielders Choice at 2nd, 6-4 (Groundball, 6, EV 83.1 MPH)
Batting: LHB Joe Vaughn 0-0: Foul Ball, location: 5F
0-1: Ball
1-1: Ball
2-1: Foul Ball, location: 2F
2-2: Ball
3-2: Foul Ball, location: 2F
3-2: Foul Ball, location: 3SF
3-2: Base on Balls
José Gutiérrez to second
Batting: SHB Ernesto Ramírez 0-0: Called Strike
0-1: Ball
1-1: Foul Ball, location: 2F
1-2: Ball
2-2: Foul Ball, location: 2F
2-2: SINGLE (Line Drive, 56D, EV 99.4 MPH)
José Gutiérrez to third
Joe Vaughn to second
Runner from 3rd tries for Home, SAFE, throw by LF to home
Batting: LHB Bernardo Morales 0-0: Ball
1-0: SINGLE (Groundball, 25, EV 73.1 MPH) (infield hit)
Joe Vaughn to third
Ernesto Ramírez to second
Batting: RHB Mike Walker 0-0: Fly out, F7 (Flyball, 7, EV 78.8 MPH)
Bottom of the 1st over - 1 run, 2 hits, 0 errors, 3 left on base; Wichita 0 - Amarillo 1
TOP OF THE 2ND
Wichita Wind Surge batting - Pitching for Amarillo Sod Poodles : RHP Jimmy Harris
Batting: RHB José Gracía 0-0: Ground out 4-3 (Groundball, 4M, EV 78.8 MPH)
Batting: SHB António García 0-0: Called Strike
0-1: Ball
1-1: Ball
2-1: Foul Ball, location: 7LDF
2-2: Ball
3-2: Foul Ball, location: 2F
3-2: Base on Balls
Batting: RHB Tim Young 0-0: SINGLE (Line Drive, 3D, EV 66.9 MPH)
António García to second
Runner from 2nd tries for 3rd, SAFE, no throw by RF
Batting: RHB Ronnie Willis 0-0: Called Strike
0-1: Reached on error, E5 (Groundball, 56S, EV 88.8 MPH)
António García scores
Tim Young to second
Batting: LHB Mario Román 0-0: Ball
1-0: Foul Ball, location: 2LF
1-1: Ball
2-1: Called Strike
2-2: Fly out, F7 (Flyball, 7, EV 92.5 MPH)
Batting: RHB Mario Martínez 0-0: Ball
1-0: Ball
2-0: Called Strike
2-1: Ball
3-1: Swinging Strike
3-2: Fielders Choice at 3rd, U5 (Groundball, 5, EV 82.5 MPH)
Top of the 2nd over - 1 run, 1 hit, 1 error, 1 left on base; Wichita 1 - Amarillo 1
BOTTOM OF THE 2ND
Amarillo Sod Poodles batting - Pitching for Wichita Wind Surge : RHP Jonathan Holland
Batting: RHB Jim Unknown 0-0: Called Strike
0-1: Ball
1-1: SINGLE (Flyball, 9, EV 97.5 MPH)
Batting: RHB Jim Unknown 0-0: Sac Bunt to 3S - play at first, batter OUT! 3-4
Jim Unknown to second
Batting: RHB José Rosário 0-0: Ball
1-0: Ball
2-0: Ball
3-0: Called Strike
3-1: Base on Balls
Batting: LHB Clint Moore 0-0: Foul Ball, location: 2F
0-1: Ball
1-1: Fielders Choice at 2nd, 4-6 (Groundball, 4M, EV 80.0 MPH)
Jim Unknown to third
Batting: RHB José Gutiérrez 0-0: Ball
1-0: DOUBLE (Line Drive, 9LM, EV 111.3 MPH)
Jim Unknown scores
Clint Moore to third
Runner from 3rd tries for Home, SAFE, throw by RF to home
Batting: LHB Joe Vaughn 0-0: Ball
1-0: Fly out, F9 (Line Drive, 9D, EV 105.6 MPH)
Bottom of the 2nd over - 2 runs, 2 hits, 0 errors, 1 left on base; Wichita 1 - Amarillo 3
TOP OF THE 3RD
Wichita Wind Surge batting - Pitching for Amarillo Sod Poodles : RHP Jimmy Harris
Batting: RHB Valdinei Felgueiras 0-0: Swinging Strike
0-1: Ball
1-1: Fly out, F6 (Flyball, 6D, EV 88.8 MPH)
Batting: RHB Héctor Rodríguez 0-0: Ground out 1-3 (Groundball, 13S, EV 69.4 MPH)
Batting: RHB Bernie Davis 0-0: Ball
1-0: Hit by Pitch
Batting: RHB José Gracía 0-0: Ball
1-0: Foul Ball, location: 2F
1-1: Ball
2-1: Foul Ball, location: 2F
2-2: Ball
3-2: Foul Ball, location: 3F
3-2: Foul Ball, location: 2LF
3-2: Ground out 1-3 (Groundball, 15, EV 73.1 MPH)
Top of the 3rd over - 0 runs, 0 hits, 0 errors, 1 left on base; Wichita 1 - Amarillo 3
BOTTOM OF THE 3RD
Amarillo Sod Poodles batting - Pitching for Wichita Wind Surge : RHP Jonathan Holland
Batting: SHB Ernesto Ramírez 0-0: Swinging Strike
0-1: Called Strike
0-2: Foul Ball, location: 23F
0-2: Ground out 4-3 (Groundball, 4, EV 88.1 MPH)
Batting: LHB Bernardo Morales 0-0: Foul Ball, location: 2LF
0-1: Foul Ball, location: 2F
0-2: Foul Ball, location: 2F
0-2: TRIPLE (Flyball, 78XD, EV 87.5 MPH)
Batting: RHB Mike Walker 0-0: Called Strike
0-1: Ball
1-1: Foul Ball, location: 2F
1-2: Foul Ball, location: 23F
1-2: Strikes out swinging
Batting: RHB Jim Unknown 0-0: Fly out, F7 (Flyball, 7LM, EV 95.0 MPH)
Bottom of the 3rd over - 0 runs, 1 hit, 0 errors, 1 left on base; Wichita 1 - Amarillo 3
TOP OF THE 4TH
Wichita Wind Surge batting - Pitching for Amarillo Sod Poodles : RHP Jimmy Harris
Batting: SHB António García 0-0: Ball
1-0: Foul Ball, location: 23F
1-1: Foul Ball, location: 2F
1-2: Ground out 4-3 (Groundball, 4, EV 91.3 MPH)
Batting: RHB Tim Young 0-0: Ball
1-0: Foul Ball, location: 9LMF
1-1: Ball
2-1: Foul Ball, location: 9LSF
2-2: Foul Ball, location: 3FF
2-2: Ground out U3 (Groundball, 34, EV 88.8 MPH)
Batting: RHB Ronnie Willis 0-0: Called Strike
0-1: Ball
1-1: Called Strike
1-2: SINGLE (Groundball, 4MD, EV 104.4 MPH)
Batting: LHB Mario Román 0-0: Swinging Strike
0-1: Swinging Strike
0-2: Fielders Choice at 2nd, 6-4 (Groundball, 6, EV 106.9 MPH)
Top of the 4th over - 0 runs, 1 hit, 0 errors, 1 left on base; Wichita 1 - Amarillo 3
BOTTOM OF THE 4TH
Amarillo Sod Poodles batting - Pitching for Wichita Wind Surge : RHP Jonathan Holland
Batting: RHB Jim Unknown 0-0: Called Strike
0-1: Ball
1-1: Swinging Strike
1-2: Foul Ball, location: 9LSF
1-2: Ball
2-2: Ball
3-2: Base on Balls
Batting: RHB José Rosário 0-0: Ball
1-0: Bunted foul
1-1: Sac Bunt to 3S - play at first, batter OUT! 3-4
Jim Unknown to second
Batting: LHB Clint Moore 0-0: Ball
1-0: Ball
2-0: Ball
3-0: Called Strike
3-1: Swinging Strike
3-2: Base on Balls
Batting: RHB José Gutiérrez 0-0: Ball
1-0: Ball
2-0: Foul Ball, location: 9LDF
2-1: Ball
3-1: Base on Balls
Jim Unknown to third
Clint Moore to second
Batting: LHB Joe Vaughn 0-0: Ball
1-0: Called Strike
1-1: Swinging Strike
1-2: Ball
2-2: Ball
3-2: Base on Balls
Jim Unknown scores
Clint Moore to third
José Gutiérrez to second
Pitching: RHP Joaquín Costa
Batting: SHB Ernesto Ramírez 0-0: Called Strike
0-1: Ball
1-1: Fly out, F8 (Flyball, 8RM, EV 90.0 MPH)
Runner from 3rd tags up, SCORES, no throw by CF
Batting: LHB Bernardo Morales 0-0: Ball
1-0: Called Strike
1-1: Ball
2-1: Ball
3-1: Called Strike
3-2: SINGLE (Line Drive, 6M, EV 100.0 MPH)
José Gutiérrez to third
Joe Vaughn to second
José Gutiérrez scores
Joe Vaughn to third
Batting: RHB Mike Walker 0-0: Ball
1-0: Called Strike
1-1: Ground out 5-3 (Groundball, 56S, EV 86.3 MPH)
Bottom of the 4th over - 3 runs, 1 hit, 0 errors, 2 left on base; Wichita 1 - Amarillo 6
TOP OF THE 5TH
Wichita Wind Surge batting - Pitching for Amarillo Sod Poodles : RHP Jimmy Harris
Batting: RHB Mario Martínez 0-0: Foul Ball, location: 5F
0-1: Foul Ball, location: 2F
0-2: Strikes out swinging passed ball, reaches first!
Batting: RHB Valdinei Felgueiras 0-0: Called Strike
0-1: Foul Ball, location: 5FF
0-2: Ball
1-2: Foul Ball, location: 2F
1-2: Ball
2-2: 2-RUN HOME RUN (Flyball, 7LD, EV 93.8 MPH), Distance : 347 ft
Batting: RHB Héctor Rodríguez 0-0: Ball
1-0: Called Strike
1-1: Ball
2-1: Foul Ball, location: 2F
2-2: Foul Ball, location: 9LSF
2-2: Foul Ball, location: 2F
2-2: Ground out 6-3 (Groundball, 6, EV 88.1 MPH)
Batting: RHB Bernie Davis 0-0: Ball
1-0: Called Strike
1-1: Ground out 6-3 (Groundball, 6MD, EV 110.6 MPH)
Batting: RHB José Gracía 0-0: Ball
1-0: Ball
2-0: Ball
3-0: Base on Balls
Batting: SHB António García 0-0: SINGLE (Groundball, 34D, EV 96.3 MPH)
José Gracía to second
Runner from 2nd tries for 3rd, SAFE, throw by RF made to third
Batting: RHB Tim Young 0-0: Foul Ball, location: 9LMF
0-1: Foul Ball, location: 2F
0-2: Fly out, F7 (Flyball, 7LD, EV 86.9 MPH)
Top of the 5th over - 2 runs, 2 hits, 0 errors, 2 left on base; Wichita 3 - Amarillo 6
BOTTOM OF THE 5TH
Amarillo Sod Poodles batting - Pitching for Wichita Wind Surge : RHP Joaquín Costa
Batting: RHB Jim Unknown 0-0: Ball
1-0: Ball
2-0: Foul Ball, location: 5F
2-1: Fly out, F9 (Flyball, 9LSF, EV 96.3 MPH)
Batting: RHB Jim Unknown 0-0: Called Strike
0-1: DOUBLE (Flyball, 8RD, EV 97.5 MPH)
Batting: RHB José Rosário 0-0: Foul Ball, location: 3SF
0-1: Ball
1-1: Ball
2-1: Foul Ball, location: 5FF
2-2: Fly out, F9 (Flyball, 9S, EV 90.0 MPH)
Batting: LHB Clint Moore 0-0: Foul Ball, location: 2F
0-1: Foul Ball, location: 25F
0-2: Fly out, F5 (Popup, 5SF, EV 73.8 MPH)
Bottom of the 5th over - 0 runs, 1 hit, 0 errors, 1 left on base; Wichita 3 - Amarillo 6
TOP OF THE 6TH
Wichita Wind Surge batting - Pitching for Amarillo Sod Poodles : RHP Jimmy Harris
Batting: RHB Ronnie Willis 0-0: Ball
1-0: Ball
2-0: Foul Ball, location: 9LSF
2-1: Fly out, F8 (Flyball, 8RD, EV 106.3 MPH)
Batting: LHB Mario Román 0-0: Fly out, F6 (Popup, 4MD, EV 72.5 MPH)
Batting: RHB Mario Martínez 0-0: Ball
1-0: Ball
2-0: Ball
3-0: Called Strike
3-1: Fly out, F7 (Flyball, 78D, EV 98.1 MPH)
Top of the 6th over - 0 runs, 0 hits, 0 errors, 0 left on base; Wichita 3 - Amarillo 6
BOTTOM OF THE 6TH
Amarillo Sod Poodles batting - Pitching for Wichita Wind Surge : RHP Joaquín Costa
Batting: RHB José Gutiérrez 0-0: Ball
1-0: Foul Ball, location: 9LDF
1-1: SOLO HOME RUN (Flyball, 7LD, EV 98.1 MPH), Distance : 374 ft
Batting: LHB Joe Vaughn 0-0: Ball
1-0: Foul Ball, location: 3SF
1-1: Called Strike
1-2: Strikes out looking
Batting: SHB Ernesto Ramírez 0-0: Ball
1-0: Foul Ball, location: 2F
1-1: Ball
2-1: Ball
3-1: Called Strike
3-2: Base on Balls
Pitching: RHP Jorge Ramírez
Batting: LHB Bernardo Morales 0-0: Called Strike
Ernesto Ramírez steals 2nd base
0-1: Ball
1-1: Foul Ball, location: 7LDF
1-2: Ball
2-2: Ground out 4-3 (Groundball, 4, EV 101.3 MPH)
Ernesto Ramírez to third
Batting: RHB Mike Walker 0-0: Ball
1-0: Called Strike
1-1: Swinging Strike
1-2: Foul Ball, location: 5DF
1-2: Foul Ball, location: 5F
1-2: Strikes out looking
Bottom of the 6th over - 1 run, 1 hit, 0 errors, 1 left on base; Wichita 3 - Amarillo 7
TOP OF THE 7TH
Wichita Wind Surge batting - Pitching for Amarillo Sod Poodles : RHP Jimmy Harris
Batting: RHB Valdinei Felgueiras 0-0: Fly out, F8 (Flyball, 8LD, EV 94.4 MPH)
Batting: RHB Héctor Rodríguez 0-0: Called Strike
0-1: Ball
1-1: Fly out, F8 (Flyball, 8RM, EV 87.5 MPH)
Batting: RHB Bernie Davis 0-0: Ball
1-0: Called Strike
1-1: Ball
2-1: Ball
3-1: Fly out, F4 (Popup, 3S, EV 76.9 MPH)
Top of the 7th over - 0 runs, 0 hits, 0 errors, 0 left on base; Wichita 3 - Amarillo 7
BOTTOM OF THE 7TH
Amarillo Sod Poodles batting - Pitching for Wichita Wind Surge : RHP Jorge Ramírez
Batting: RHB Jim Unknown 0-0: Ground out 2-3 (Groundball, 2L, EV 71.3 MPH)
Batting: RHB Jim Unknown 0-0: Ball
1-0: Swinging Strike
1-1: Called Strike
1-2: Ground out U3 (Groundball, 34, EV 83.8 MPH)
Batting: RHB José Rosário 0-0: Called Strike
0-1: Ball
1-1: Ball
2-1: Foul Ball, location: 2F
2-2: Ball
3-2: Base on Balls
Batting: LHB Clint Moore 0-0: Ball
1-0: Foul Ball, location: 2F
1-1: Ball
2-1: Ball
3-1: DOUBLE (Flyball, 89D, EV 89.4 MPH)
José Rosário to third
Runner from 3rd tries for Home, SAFE, throw by RF to trailing runner, SAFE at third!
Batting: RHB José Gutiérrez 0-0: Ball
1-0: Ball
2-0: Called Strike
2-1: Ball
3-1: Fly out, F3 (Popup, 34S, EV 72.5 MPH)
Bottom of the 7th over - 1 run, 1 hit, 0 errors, 1 left on base; Wichita 3 - Amarillo 8
TOP OF THE 8TH
Wichita Wind Surge batting - Pitching for Amarillo Sod Poodles : RHP Jimmy Harris
Pitching: RHP Paul Cottolengo
Batting: RHB José Gracía 0-0: Ball
1-0: Swinging Strike
1-1: Swinging Strike
1-2: Ball
2-2: Hit by Pitch
Batting: SHB António García 0-0: Ball
1-0: Foul Ball, location: 3F
1-1: Ball
2-1: Fielders Choice at 2nd, 2-6 (Groundball, 13S, EV 66.9 MPH)
Batting: RHB Tim Young 0-0: Called Strike
0-1: Foul Ball, location: 9LMF
0-2: Strikes out swinging
Batting: RHB Ronnie Willis 0-0: Foul Ball, location: 5FF
0-1: Called Strike
0-2: Strikes out swinging
Top of the 8th over - 0 runs, 0 hits, 0 errors, 1 left on base; Wichita 3 - Amarillo 8
BOTTOM OF THE 8TH
Amarillo Sod Poodles batting - Pitching for Wichita Wind Surge : RHP Jorge Ramírez
Batting: LHB Joe Vaughn 0-0: Called Strike
0-1: Foul Ball, location: 3DF
0-2: Ball
1-2: Ball
2-2: Ball
3-2: Foul Ball, location: 7LMF
3-2: SINGLE (Groundball, 5S, EV 70.6 MPH) (infield hit)
Batting: SHB Ernesto Ramírez 0-0: Swinging Strike
0-1: Foul Ball, location: 5F
0-2: Ball
1-2: Ball
2-2: Ball
3-2: Base on Balls
Joe Vaughn to second
Batting: LHB Bernardo Morales 0-0: Ball
1-0: Called Strike
1-1: Grounds out, U3 (Groundball, 3L, EV 100.6 MPH)
Joe Vaughn to third
Pitching: RHP Jorge Medina
Batting: RHB Mike Walker 0-0: Ball
1-0: Ground out 6-3 (Groundball, 56, EV 79.4 MPH)
Joe Vaughn scores
Batting: RHB Jim Unknown 0-0: Ground out 5-3 (Groundball, 56S, EV 86.9 MPH)
Bottom of the 8th over - 1 run, 1 hit, 0 errors, 1 left on base; Wichita 3 - Amarillo 9
TOP OF THE 9TH
Wichita Wind Surge batting - Pitching for Amarillo Sod Poodles : RHP Paul Cottolengo
Batting: LHB Mario Román 0-0: Ball
1-0: Ball
2-0: Fly out, F9 (Flyball, 9S, EV 83.1 MPH)
Batting: RHB Mario Martínez 0-0: Ball
1-0: Ball
2-0: Ball
3-0: Called Strike
3-1: Foul Ball, location: 7LMFF
3-2: Ground out 6-3 (Groundball, 6, EV 85.6 MPH)
Batting: RHB Valdinei Felgueiras 0-0: Ball
1-0: Ground out U3 (Groundball, 3, EV 81.9 MPH)
Top of the 9th over - 0 runs, 0 hits, 0 errors, 0 left on base; Wichita 3 - Amarillo 9
Friday, May 3rd , 2024 - OOTP Baseball 24.10 Build 82